 Dungeon Crawl Stone Soup version 0.29.1-15-g9cfb28693d (webtiles) character file.

Game seed: 12690070190146166719

7224 booth the Cleaver (level 10, -4/82 HPs)
             Began as a Demonspawn Gladiator on Apr 22, 2023.
             Was an Initiate of Gozag.
             Slain by a seven-headed hydra (11 damage)
             ... on level 9 of the Dungeon.
             The game lasted 00:56:41 (11475 turns).

booth the Cleaver (Demonspawn Gladiator)           Turns: 11475, Time: 00:56:42

Health: -4/82      AC: 10    Str: 19    XL:     10   Next: 88%
Magic:  10/10      EV: 24    Int:  9    God:    Gozag
Gold:   1652       SH:  0    Dex: 15    Spells: 9/9 levels left

rFire   + . .      SeeInvis .   L - +4 mace
rCold   . . .      Faith    .   (no shield)
rNeg    . . .      Spirit   .   F - +2 robe {rF+}
rPois   .          Reflect  .   c - +0 helmet
rElec   .          Harm     .   a - +1 cloak
rCorr   .          Rampage  .   C - +0 pair of gloves
Will    +....                   r - +0 pair of boots
Stlth   +.........              (no amulet)
HPRegen 0.23/turn               k - ring of willpower
MPRegen 0.24/turn               m - +4 ring of evasion

@: agile
A: rugged brown scales 1, powered by pain 2, magic regeneration, demonic touch 2
a: Renounce Religion, Potion Petition, Call Merchant, Bribe Branch


You were on level 9 of the Dungeon.
You worshipped Gozag.
Gozag was most pleased with you.
You visited 1 branch of the dungeon, and saw 11 of its levels.

You collected 1688 gold pieces.
You paid 36 gold pieces to Gozag.

Inventory:

Hand Weapons
 t - a +2 war axe of freezing
 u - a +0 battleaxe
 L - a +4 mace (weapon)
Missiles
 d - 3 throwing nets (quivered)
 e - a javelin
 l - 14 poisoned darts
 q - 8 boomerangs
 y - a curare-tipped dart
Armour
 a - a +1 cloak (worn)
 b - a +0 leather armour
 c - a +0 helmet (worn)
 r - a +0 pair of boots (worn)
 x - a scarf of shadows
 C - a +0 pair of gloves (worn)
 F - a +2 robe of fire resistance (worn)
Jewellery
 g - a ring of fire
 k - a ring of willpower (left hand)
 m - a +4 ring of evasion (right hand)
 G - an amulet of guardian spirit
 K - a ring of see invisible
Wands
 D - a wand of mindburst (22)
 E - a wand of flame (10)
 I - a wand of iceblast (6)
Scrolls
 o - a scroll of blinking
 p - a scroll of enchant armour
 v - 2 scrolls of teleportation
 H - 2 scrolls of butterflies {unknown}
Potions
 f - 2 potions of curing
 h - a potion of flight
 i - a potion of lignification
 j - a potion of might
 n - a potion of haste
 s - a potion of heal wounds
 w - a potion of cancellation
 z - a potion of brilliance
 A - 2 potions of attraction
 B - a potion of magic


   Skills:
 + Level 7.8 Fighting
 * Level 10.2 Axes
 + Level 7.1 Throwing
 + Level 7.4 Dodging


You had 9 spell levels left.
You didn't know any spells.
Your spell library contained the following spells:

 Spells                   Type           Power      Damage    Failure   Level
 Magic Dart               Conj           0%         1d3       38%         1
 Summon Small Mammal      Summ           0%         N/A       38%         1
 Searing Ray              Conj           0%         2d4       52%         2
 Call Canine Familiar     Summ           0%         N/A       77%         3
 Ignite Poison            Fire/Tmut/Pois 0%         N/A       77%         3
 Mephitic Cloud           Conj/Pois/Air  0%         N/A       77%         3
 Summon Guardian Golem    Hex/Summ       0%         N/A       77%         3
 Fulminant Prism          Conj/Hex       0%         3d6       99%         4
 Freezing Cloud           Conj/Ice/Air   0%         6-21      100%        5


Dungeon Overview and Level Annotations

Branches:
Dungeon (11/15)            Temple (0/1) D:5            Lair (0/5) D:9
    Orc (0/2) D:11

Altars:
Ashenzari
Fedhas
Gozag
Hepliaklqana
Makhleb
Qazlal
Trog
Vehumet

Shops:
D:3 *   D:6 (

Annotations:
D:9 2 transporters, Renzlar's ghost, journeyman GnFi


Innate Abilities, Weirdness & Mutations

You are partially covered in rugged brown scales. (AC +1, +3% HP)
You sometimes gain power by taking damage.
You regenerate magic rapidly.
Your touch may inflict irresistible damage on your foes.


Message History

Press: ? - help, Q - select action, (/) - cycle Shift-Dir - straight line, f/p - seven-headed hydra
Aim: a seven-headed hydra (severely wounded, chance to affect: 29%)
The seven-headed hydra easily resists.
The seven-headed hydra completely misses you.
The seven-headed hydra bites you.
* * * LOW HITPOINT WARNING * * *
The seven-headed hydra completely misses you.
The seven-headed hydra barely misses you.
The seven-headed hydra closely misses you.
The seven-headed hydra misses you. x2
You feel much better. The seven-headed hydra misses you.
The seven-headed hydra bites you!
* * * LOW HITPOINT WARNING * * *
The seven-headed hydra barely misses you.
The seven-headed hydra misses you. x3
The seven-headed hydra bites you but does no damage.
Okay, then.
Okay, then.
Aiming: Iceblast
Press: ? - help, Q - select action, (/) - cycle Shift-Dir - straight line, p - seven-headed hydra The mass of ice explodes!
The iceblast engulfs the seven-headed hydra!
The seven-headed hydra is almost dead.
The seven-headed hydra closely misses you.
The seven-headed hydra barely misses you. x2
The seven-headed hydra misses you.
The seven-headed hydra completely misses you.
The seven-headed hydra misses you.
The seven-headed hydra completely misses you.
You barely miss the seven-headed hydra.
The seven-headed hydra is almost dead.
The seven-headed hydra completely misses you.
The seven-headed hydra misses you. The seven-headed hydra bites you.
* * * LOW HITPOINT WARNING * * *
The seven-headed hydra misses you. The seven-headed hydra bites you!
* * * LOW HITPOINT WARNING * * *
The seven-headed hydra bites you but does no damage.
The seven-headed hydra bites you!
You die...
Your body crumbles into a pile of gold.

...........### *,**#,,,,,,,,,,,
........©....### *.#)#,,,,,,,,,,,
#.....#####....##*.#.#.,,,,,,****
#...###OO.###...##.....,,,,,,*,,,
#..##..T.#.###.........,,,,,,*,,,
...#.o..###y.#.........,,,,,,*,,,
..##....#~#..##........,,,,,,*,,,
..#....§..##.T#.D#####.,,,,,,*,,,
..#..##._....o#.@# *,,,,,,,+,,,
..#..#~,=!##..#..# *,,,,,,,*,,,
..##.#*,,*~####..# *,,,,,,,*,,,
...###,,,*** *...# *,,,,,,,****
#..##,,,,,,**#...# *,#####...,,
....#**,,,***....# *,#......##*
......#####....#.# *.#.....#.,,
........©......#.#####.#......,*.
.....#.....#,,,#.......+.....,##P


You could see a seven-headed hydra, a deep troll, a moth of wrath and an orc
warrior.

Vanquished Creatures
  A two-headed ogre (D:7)
  A skeletal warrior (D:7)
  An ugly thing (D:9)
  2 shadows (D:9)
  A wyvern (D:8)
  3 yaks (D:7)
  A wraith (D:8)
  A steam dragon (D:7)
  An acid dragon (D:9)
  2 water moccasins
  4 ice beasts (D:7)
  4 orc warriors
  4 sky beasts
  2 black bears
  3 ogres
  A centaur (D:9)
  2 phantoms (D:5)
  4 kobold brigands
  2 gnoll sergeants
  2 bullfrogs
  3 necrophages
  3 scorpions
  4 wights (D:7)
  11 killer bees
  2 howler monkeys
  A jelly (D:4)
  2 hounds
  Crazy Yiuf (D:4)
  3 orc priests
  A gnoll bouda (D:7)
  2 iguanas (D:5)
  5 orc wizards
  15 gnolls
  9 adders
  5 white imps
  3 ufetubi
  4 worms
  2 dart slugs
  27 orcs
  A bat (D:1)
  8 endoplasms
  6 giant cockroaches
  11 goblins
  9 hobgoblins
  3 jackals (D:2)
  6 quokkas
  11 ball pythons
  5 frilled lizards
  19 kobolds
  5 rats
229 creatures vanquished.

Vanquished Creatures (others)
  A plant (D:9)
1 creature vanquished.

Grand Total: 230 creatures vanquished

Notes
Turn   | Place    | Note
-------+----------+-------------------------------------------
     0 | D:1      | booth the Demonspawn Gladiator began the quest for the Orb.
     0 | D:1      | Reached XP level 1. HP: 16/16 MP: 1/1
   160 | D:1      | Gained mutation: You sometimes gain a little power by
                  | taking damage. [demonic ancestry]
   160 | D:1      | Reached XP level 2. HP: 22/22 MP: 2/2
   407 | D:1      | Reached skill level 3 in Axes
   661 | D:1      | Gained mutation: Your touch may inflict minor irresistible
                  | damage on your foes. [demonic ancestry]
   661 | D:1      | Reached XP level 3. HP: 28/28 MP: 3/3
  1260 | D:2      | Gained mutation: You are partially covered in rugged brown
                  | scales. (AC +1, +3% HP) [demonic ancestry]
  1260 | D:2      | Reached XP level 4. HP: 28/35 MP: 4/4
  1849 | D:3      | Noticed a black bear
  2199 | D:3      | Killed a black bear
  2200 | D:3      | Reached skill level 4 in Axes
  2200 | D:3      | Reached XP level 5. HP: 18/42 MP: 5/5
  2613 | D:3      | Found an opulent altar of Gozag.
  2613 | D:3      | Found Gozag's Platinum Reserve.
  2695 | D:3      | Became a worshipper of Gozag Ym Sagoz the Greedy
  2782 | D:3      | Gained mutation: You regenerate magic rapidly. [demonic
                  | ancestry]
  2782 | D:3      | Reached XP level 6. HP: 23/48 MP: 6/6
  3027 | D:3      | Found a burning altar of Makhleb.
  3040 | D:3      | Noticed an Executioner
  3045 | D:3      | Noticed a neqoxec
  3045 | D:3      | Noticed a neqoxec
  3405 | D:4      | Found a runed translucent door.
  3406 | D:4      | Noticed Crazy Yiuf
  3415 | D:4      | Killed Crazy Yiuf
  3621 | D:4      | Noticed a sky beast
  3625 | D:4      | Reached skill level 5 in Axes
  3625 | D:4      | Reached XP level 7. HP: 46/54 MP: 7/7
  4015 | D:5      | Entered Level 5 of the Dungeon
  4607 | D:5      | Found a staircase to the Ecumenical Temple.
  4619 | D:5      | Reached skill level 6 in Axes
  4619 | D:5      | Reached XP level 8. HP: 62/62 MP: 8/8
  5484 | D:6      | Found a hazy altar of Hepliaklqana.
  5537 | D:6      | Reached skill level 5 in Fighting
  5537 | D:6      | Reached skill level 5 in Dodging
  5695 | D:6      | Found a radiant altar of Vehumet.
  5755 | D:6      | Found Lesu's Weapon Emporium.
  5924 | D:6      | Reached skill level 7 in Axes
  6354 | D:7      | Reached skill level 5 in Throwing
  6367 | D:7      | Gained mutation: Your touch may inflict irresistible damage
                  | on your foes. [demonic ancestry]
  6367 | D:7      | Reached XP level 9. HP: 60/70 MP: 9/9
  7253 | D:7      | Reached skill level 8 in Axes
  7323 | D:7      | Noticed a skeletal warrior
  7928 | D:7      | Noticed a two-headed ogre
  7934 | D:7      | Killed a two-headed ogre
  7962 | D:7      | Gained mutation: You sometimes gain power by taking damage.
                  | [demonic ancestry]
  7962 | D:7      | Reached XP level 10. HP: 79/79 MP: 10/10
  8018 | D:7      | Reached skill level 9 in Axes
  8167 | D:7      | Killed a skeletal warrior
  9214 | D:8      | You fall into a shaft and drop 3 floors!
  9223 | D:10     | Entered Level 10 of the Dungeon
  9296 | D:9      | Found a staircase to the Lair.
  9316 | D:9      | Found a transporter.
  9682 | D:8      | Found a blossoming altar of Fedhas.
 10385 | D:9      | Noticed a cyan ugly thing
 10523 | D:9      | Killed a cyan ugly thing
 10524 | D:9      | Reached skill level 10 in Axes
 10850 | D:9      | Found a stormy altar of Qazlal.
 10886 | D:9      | Found a broken altar of Ashenzari.
 11429 | D:9      | Noticed a moth of wrath
 11430 | D:9      | Noticed a two-headed ogre
 11431 | D:9      | Noticed Renzlar's ghost (journeyman GnFi)
 11436 | D:9      | Noticed a deep troll
 11437 | D:9      | Found a bloodstained altar of Trog.
 11449 | D:9      | Found a transporter.
 11460 | D:9      | Noticed a seven-headed hydra
 11475 | D:9      | Slain by a seven-headed hydra

Illustrated notes

Levels and vault maps discovered:
D:1:      kennysheep_arrival_forest, layout_rooms, st_stairs_3, minivault_19,
          hangedman_abyss_or_decor_stabs
D:2:      layout_loops_ring, minmay_pentomino_v2
D:3:      layout_rooms, mainiacjoe_overflow_catwalk,
          nicolae_gozag_zags_fifth_avenue, makhleb_altar_promises_db,
          minmay_misc_feat_enclosed, minmay_checkerbox
D:4:      layout_gridville, uniq_crazy_yiuf_cottage
D:5:      cheibrodos_thug_alley, layout_basic, minmay_temple_entry_antechambers
D:6:      layout_basic, lemuel_tele_altar, lemuel_round_altar, serial_shops,
          nicolae_shop_window_shopping
D:7:      kennysheep_windowed_halls, layout_basic
D:8:      layout_basic, fedhas_altar_2
D:9:      layout_irregular_city, mainiacjoe_overflow_paths,
          overflow_temple_1_default, dpeg_oklobed_lair,
          gammafunk_ghost_wrathful_warriors, minmay_microvault
D:10:     layout_grid_maze
D:11:     layout_loops_corners, orc_0_dummy, serial_shops, nicolae_shop_stone,
          nicolae_uskayaw_dance_hall, uniq_maurice

Skill      XL: |  1  2  3  4  5  6  7  8  9 10 |
---------------+-------------------------------+-----
Throwing       | 2 3 4 5 6 7 |  7.1
Axes           | 3 4 5 6 7 8 10 | 10.2
Dodging        | 3 4 5 6 7 |  7.4
Fighting       | 3 4 5 6 7 |  7.8

Action                   |  1- 3 |  4- 6 |  7- 9 | 10-12 || total
-------------------------+-------+-------+-------+-------++-------
Melee: War axe           |    99 |   126 |   242 |   129 ||   596
       Touch             |     7 |    20 |    42 |    31 ||   100
       Punch             |       |       |     4 |     1 ||     5
       Mace              |       |       |       |     5 ||     5
Throw: Dart              |       |     2 |     4 |       ||     6
       Throwing net      |       |     1 |       |       ||     1
       Javelin           |       |       |     1 |       ||     1
       Boomerang         |       |       |     1 |       ||     1
Evoke: Wand              |       |       |     1 |     3 ||     4
  Use: Scroll            |     1 |     2 |     4 |     9 ||    16
       Potion            |       |     2 |     2 |     6 ||    10
 Stab: Sleeping          |       |     1 |       |       ||     1
       Distracted        |       |       |       |     1 ||     1
Armor: Leather armour    |    24 |    37 |    28 |       ||    89
       Robe              |       |       |    33 |    47 ||    80
Dodge: Dodged            |    63 |   110 |   249 |   192 ||   614
